 Dungeon Crawl Stone Soup version 0.24-a0-630-g0d56a851f4 (webtiles) character file.

Game seed: 1893426848656155721, levelgen mode: deterministic

266 Erlindor the Skirmisher (level 6, -12/58 HPs)
             Began as a Vampire Fighter on Sept 20, 2019.
             Mangled by Menkaure (13 damage)
             ... on level 3 of the Dungeon.
             The game lasted 00:07:31 (2325 turns).

Erlindor the Skirmisher (Vampire Fighter)           Turns: 2325, Time: 00:07:32

Health: -12/58     AC: 12    Str: 22    XL:     6   Next: 0%
Magic:  6/6        EV:  4    Int: 11    God:
Gold:   217        SH: 15    Dex: 13    Spells: 5/5 levels left

rFire    . . .     SeeInvis +   a - +0 long sword
rCold    . . .     Gourm    .   c - +0 shield
rNeg     . . .     Faith    .   o - +0 plate armour
rPois    .         Spirit   .   (no helmet)
rElec    .         Reflect  +   (no cloak)
rCorr    .         Harm     .   l - +0 pair of gloves
MR       .....                  (no boots)
Stlth    ..........             g - +6 amulet of reflection
HPRegen  0.39/turn              (no ring)
MPRegen  0.10/turn              (no ring)

@: mighty, berserking, regenerating quickly, very quick
A: no food, fangs 3, see invisible, [frail 2], unbreathing
a: Exsanguinate


You were on level 3 of the Dungeon.
You were alive.

You visited 1 branch of the dungeon, and saw 4 of its levels.

You collected 217 gold pieces.

Inventory:

Hand Weapons
 a - a +0 long sword (weapon)
Missiles
 f - 60 stones (quivered)
Armour
 c - a +0 shield (worn)
 l - a +0 pair of gloves (worn)
 o - a +0 plate armour (worn)
Jewellery
 g - a +6 amulet of reflection (around neck)
 p - an uncursed amulet of magic regeneration
Scrolls
 e - 3 scrolls of enchant armour {unknown}
 h - a scroll of identify
 i - a scroll of remove curse {unknown}
 k - a scroll of teleportation {unknown}
 m - a scroll of blinking {unknown}
 n - a scroll of fear {unknown}
Potions
 b - a potion of haste {unknown}
 d - a potion of might
 j - a potion of mutation {unknown}


   Skills:
 * Level 4.6 Fighting
 + Level 3.3 Long Blades
 + Level 3.4 Armour
 - Level 3.1 Shields


You had 5 spell levels left.
You didn't know any spells.
Your spell library was empty.

Dungeon Overview and Level Annotations

Branches:
Dungeon (4/15)
 Temple: D:4-7

Altars:
Elyvilon
Makhleb
Ru
Trog
Xom

Annotations:
D:3 Menkaure


Innate Abilities, Weirdness & Mutations

You do not eat.
Your natural rate of healing is unusually fast.
You have razor-sharp teeth.
You have supernaturally acute eyesight. (SInv)
You can survive without breathing.
[You are very frail. (-20% HP)]


Message History

You hear the sound of rushing water.
There is an entrance to a sewer on this level.
Hurry and find it before the portal rusts away!
Menkaure, Prince of Dust comes into view.
Menkaure shouts!
You hear an angry hiss.
Found 7 gold pieces.
There is a stone staircase leading up here.
You climb upwards.
There is a stone staircase leading down here.
Your shield and plate armour prevent you from hitting Menkaure.
Menkaure hits you!
You hit Menkaure but do no damage. Menkaure hits you!
Menkaure hits you but does no damage.
You feel very mighty all of a sudden.
A red film seems to cover your vision as you go berserk!
You feel yourself moving faster!
You feel mighty! Menkaure hits you!!
* * * LOW HITPOINT WARNING * * *
You slash Menkaure!
Menkaure is severely damaged.
Menkaure hits you!
You die...

#.....# #...# #.....# #...#
######.....# #...# ...........#
#...# ####.......# ########...##
###..#.....#########.....#.....##
.....######.....................#
(....# #.................)....
.....# #.<..M@................
....)######......................
.........##......................
.....###.##......................
†....# #.##......................
.....# #.##.<)..................#
.....# #..#..............#......#
.....####.......................#
.............###................#


You could see Menkaure.

Vanquished Creatures
  4 orc wizards
  A hound zombie (D:3)
  3 gnolls
  2 adders
  An ooze (D:1)
  2 dart slugs
  4 leopard geckos
  2 orcs (D:3)
  2 giant cockroaches
  10 goblins
  12 hobgoblins
  4 jackals (D:2)
  9 kobolds
  A quokka (D:3)
  2 ball pythons
  9 bats
  2 frilled lizards
  9 rats
79 creatures vanquished.

Notes
Turn   | Place    | Note
-------+----------+-------------------------------------------
     0 | D:1      | Erlindor the Vampire Fighter began the quest for the Orb.
     0 | D:1      | Reached XP level 1. HP: 17/17 MP: 1/1
   138 | D:1      | Reached XP level 2. HP: 23/23 MP: 2/2
   199 | D:1      | Reached skill level 3 in Fighting
   362 | D:1      | Reached XP level 3. HP: 28/29 MP: 3/3
   902 | D:2      | Reached XP level 4. HP: 25/35 MP: 4/4
   930 | D:2      | Found a sacrificial altar of Ru.
  1318 | D:2      | Found a shimmering altar of Xom.
  1492 | D:2      | Reached skill level 4 in Fighting
  1492 | D:2      | Reached XP level 5. HP: 29/33 MP: 5/5
  2110 | D:3      | Found a burning altar of Makhleb.
  2119 | D:3      | Found a bloodstained altar of Trog.
  2123 | D:3      | Found a white marble altar of Elyvilon.
  2299 | D:3      | Reached XP level 6. HP: 39/39 MP: 6/6
  2318 | D:4      | Noticed Menkaure
  2324 | D:3      | HP: 1/58 [Menkaure (19)]
  2325 | D:3      | Mangled by Menkaure

Levels and vault maps discovered:
D:1:      minmay_arrival_four_loops, layout_basic, minmay_misc_feat_x,
          nrook_mini_backslash
D:2:      layout_basic, nicolae_ru_great_annihilating_truth,
          lemuel_coloured_pillars_altar, serial_curves, eino_curves_04,
          eino_curves_01
D:3:      layout_rooms, grunt_temple_overflow_open
D:4:      layout_gridville, lemuel_crystal_altar, lightli_sewer_entry_pipes,
          uniq_natasha, uniq_edmund, uniq_menkaure

Skill      XL: |  1  2  3  4  5 |
---------------+----------------+-----
Fighting       | 3 4 |  4.6
Shields        | 3 |  3.1
Armour         | 3 |  3.4
Long Blades    | 3 |  3.3

Action                   |  1- 3 |  4- 6 || total
-------------------------+-------+-------++-------
Melee: Long sword        |   102 |   153 ||   255
       Bite              |     9 |    10 ||    19
Throw: Stone             |       |     8 ||     8
 Abil: Exsanguinate      |       |     2 ||     2
       Revivify          |       |     2 ||     2
  Use: Scroll            |       |     1 ||     1
       Potion            |       |     2 ||     2
 Stab: Paralysed         |       |     1 ||     1
Armor: Scale mail        |    43 |    15 ||    58
       Plate armour      |       |    58 ||    58
Dodge: Dodged            |    36 |    22 ||    58
Block: Shield            |    51 |   112 ||   163
       Reflection        |       |     2 ||     2
       Rpst.: Long sword |    15 |     7 ||    22

Table legend:
 A = Non-vault XP
 B = Vault XP
 C = Vault XP percentage of total XP
 D = Non-vault monster count
 E = Vault monster count
 F = Vault count percentage of total count
                 A         B        C        D         E       F
            +---------+---------+-------+---------+---------+-------
      Total |     333 |      47 |  12.4 |      75 |       4 |   5.1
            +---------+---------+-------+---------+---------+-------
        D:1 |      65 |       0 |   0.0 |      26 |       0 |   0.0
        D:2 |      90 |      47 |  34.3 |      31 |       4 |  11.4
        D:3 |     178 |       0 |   0.0 |      18 |       0 |   0.0
            +---------+---------+-------+---------+---------+-------
